Cogmind - Beta 9.6 @@@ ROGUE MODE // 2020.06.12 @ 11:05:24 Player: Teratos Result: Self-destructed Performance ------------- Evolutions (1) 500 Regions Visited (2) 400 Robots Destroyed (30) 150 Value Destroyed (564) 564 Prototype IDs (2) 40 Alien Tech Used (0) 0 Bonus (0) 0 TOTAL SCORE: 1654 Bonus ------- None Cogmind --------- Core Integrity 307/400 Matter 280/300 Energy 156/280 System Corruption 4% Temperature Cool (227) Movement Flying (34) Location -9/Materials Parts ------- > --- POWER (1) -------- Heavy Ion Engine > --- PROPULSION (4) --- Flight Unit Flight Unit Flight Unit > --- UTILITY (2) ------ Improved Sensor Array Targeting Computer > --- WEAPON (2) ------- Improved Medium Laser > --- INVENTORY (4) ---- Light Ion Engine EM Pulse Gun Peak State ------------ > --- POWER ------------ Heavy Ion Engine > --- PROPULSION ------- Flight Unit Flight Unit Flight Unit Flight Unit > --- UTILITY ---------- Improved Sensor Array Targeting Computer > --- WEAPON ----------- Improved Medium Laser Beam Cannon > --- INVENTORY -------- Light Ion Engine EM Pulse Gun [Rating: 14] Favorites ----------- Power Light Ion Engine Engine Light Ion Engine Propulsion Light Treads Treads Light Treads Flight Unit Flight Unit Utility Small Storage Unit Device Heat Sink Storage Small Storage Unit Processor Targeting Computer Weapon Medium Laser Energy Gun Medium Laser Energy Cannon Beam Cannon Ballistic Gun Light Assault Rifle Build | -11 -10 -9 ------- Run | Scr Mat Mat Slots Evolved 2 | . . 2 Power . | . . . Propulsion 2 | . . 2 Utility . | . . . Weapon . | . . . Parts Attached 33 | 6 18 9 Power 7 | 1 3 3 Engine 7 | 1 3 3 Core . | . . . Reactor . | . . . Propulsion 7 | 2 3 2 Treads 3 | 2 1 . Leg . | . . . Wheel . | . . . Hover . | . . . Flight 4 | . 2 2 Utility 5 | 1 3 1 Device 2 | . 1 1 Storage 1 | 1 . . Processor 2 | . 2 . Hackware . | . . . Protection . | . . . Artifact . | . . . Weapon 14 | 2 9 3 Energy Gun 9 | 1 6 2 Energy Cannon 1 | . 1 . Ballistic Gun 4 | 1 2 1 Ballistic Cannon . | . . . Launcher . | . . . Special Weapon . | . . . Impact Weapon . | . . . Slashing Weapon . | . . . Piercing Weapon . | . . . Special Melee Weapon . | . . . Unidentified Prototypes 2 | . . 2 Parts Lost 11 | . 9 2 Power 1 | . 1 . Propulsion 3 | . 2 1 Utility 1 | . 1 . Weapon 6 | . 5 1 Highest Loss Streak 7 | . 7 2 Average Slot Usage (%) 91 | . 94 81 Engine 12 | . 13 11 Treads 18 | . 22 . Flight 9 | . 4 28 Device 8 | . 9 1 Storage 9 | . 11 . Processor 6 | . 3 18 Energy Gun 18 | . 21 5 Energy Cannon 3 | . 1 10 Ballistic Gun 4 | . 3 5 Naked Turns . | . . . Heaviest Build 14 | 11 14 10 Greatest Support 40 | 40 40 16 Greatest Overweight (x) 1 | . 1 . Average Overweight (x) . | . . . Largest Inventory Capacity 6 | 6 6 4 Average Capacity 5 | 4 5 4 Most Carried 4 | . 3 4 Average Carried 1 | . 1 3 Final Capacity 6 | 6 4 4 Final Carried 3 | . 3 2 Class Distribution -------------------- 97% | Mutant Dominant Class ---------------- Mutant | -10/Materials Mutant | -9/Materials Resources | -11 -10 -9 ----------- Run | Scr Mat Mat Matter Collected 518 | 136 273 109 Remotely . | . . . Salvage Created 979 | . 521 458 Parts 52 | . 26 26 Haulers Intercepted 3 | . 2 1 Recyclers Shooed 1 | . . 1 Parts Field Recycled . | . . . Retrieved Matter . | . . . Parts Self-Destructed . | . . . Prevented . | . . . Kills | -11 -10 -9 ------- Run | Scr Mat Mat Combat Hostiles Destroyed 19 | . 11 8 Melee 1 | . 1 . Guns 12 | . 9 3 Cannons 5 | . . 5 Classes Destroyed 10 | . 6 4 Worker 1 | . 1 . Builder 1 | . . 1 Tunneler 1 | . 1 . Hauler 3 | . 2 1 Recycler 1 | . . 1 Operator 1 | . . 1 Watcher 3 | . 2 1 Swarmer 9 | . 6 3 Grunt 8 | . 5 3 Sentry 2 | . . 2 Best Kill Streak 7 | . 7 6 Combat Bots Only 6 | . 6 2 Max Kills in Single Turn 2 | . 1 2 Gunslinging . | . . . Exploded . | . . . Melee 1 | . 1 . Uniques/NPCs Destroyed . | . . . Combat | -11 -10 -9 -------- Run | Scr Mat Mat Damage Taken 1319 | . 1026 293 Core 281 | . 188 93 Absorbed by Shields . | . . . Core Remaining (%) 62 | 100 24 . Volleys Fired 120 | . 84 36 Largest 2 | . 2 2 Hottest 116 | . 100 116 Shots Fired 203 | . 137 66 Gun 168 | . 132 36 Cannon 35 | . 5 30 Launcher . | . . . Special . | . . . Kinetic 33 | . 18 15 Thermal 120 | . 69 51 Explosive . | . . . Electromagnetic 50 | . 50 . Robot Hit Streak 19 | . 16 19 Robot Miss Streak 8 | . 8 6 Penetration Max . | . . . Secondary Targets 1 | . 1 . Max Gunslinging Chain 1 | . 1 . Shots Hit Robots 111 | . 68 43 Core Hits 43 | . 25 18 Critical Hits 2 | . . 2 Critical Kills 1 | . . 1 Critical Parts Destroyed 1 | . . 1 Melee Attacks . | . . . Impact . | . . . Slashing . | . . . Piercing . | . . . Sneak Attacks . | . . . Combat Hostiles . | . . . Follow-up Attacks . | . . . Damage Inflicted 1805 | . 1097 708 Guns 1194 | . 888 306 Cannons 436 | . 34 402 Explosions 175 | . 175 . Melee . | . . . Ramming . | . . . Kinetic 136 | . 66 70 Thermal 1385 | . 747 638 Explosive . | . . . Electromagnetic 284 | . 284 . Impact . | . . . Slashing . | . . . Piercing . | . . . Highest Corruption 4 | . . 4 Average Corruption 4 | . . 4 Corruption Purged . | . . . Effects 9 | . . 9 Message Errors 1 | . . 1 Matter Fused 2 | . . 2 Heat Flow Errors 2 | . . 2 Data Loss (minor) 1 | . . 1 Targeting Errors 3 | . . 3 Overload Shots . | . . . Overflow Damage 20 | . 15 5 Projectiles 12 | . 7 5 Explosions 8 | . 8 . Melee . | . . . Knockbacks . | . . . Impact . | . . . Kinetic . | . . . Secondary . | . . . Self-Inflicted Damage 17 | . 17 . Shots 1 | . 1 . Rammed 1 | . 1 . Targets Rammed 2 | . 2 . Kicked . | . . . Crushed 1 | . 1 . Highest Temperature 366 | . 205 366 Average Temperature 123 | . 82 154 Received Heat Transfer 384 | . 252 132 Effects 3 | . . 3 Shutdowns 1 | . . 1 Interference 1 | . . 1 Matter Decay 1 | . . 1 Siege Activations . | . . . Robots Corrupted . | . . . Combat Hostiles . | . . . Parts Fried 1 | . 1 . Impact Corruptions . | . . . Robots Melted 1 | . 1 . Combat Hostiles 1 | . 1 . Parts Melted 7 | . 4 3 Heat Transferred 3234 | . 1865 1369 Parts Sabotaged . | . . . Parts Stolen . | . . . Parts Stripped . | . . . Power Chain Reactions 4 | . 4 . Missiles Intercepted . | . . . Alert | -11 -10 -9 ------- Run | Scr Mat Mat Peak Influence 357 | . 185 357 Average Influence 84 | . 56 216 Maximum Alert Level 1 | . . 1 Low Security (%) 90 | 100 100 51 Level 1 9 | . . 48 Level 2 . | . . . Level 3 . | . . . Level 4 . | . . . Level 5 . | . . . High Security . | . . . Max Security . | . . . Squads Dispatched 4 | . 3 1 Investigation 2 | . 2 . Extermination . | . . . Reinforcement 2 | . 1 1 Assault . | . . . Garrison . | . . . Intercept . | . . . Construction Impeded . | . . . Haulers Reinforced . | . . . Stealth | -11 -10 -9 --------- Run | Scr Mat Mat Distress Signals 2 | . 1 1 Communications Jammed . | . . . Distress Signals . | . . . Times Spotted 43 | . 23 20 Peak Tracking Total 7 | . 7 7 Tactical Retreats 6 | . 3 3 Traps | -11 -10 -9 ------- Run | Scr Mat Mat Traps Triggered 1 | . 1 . Indirectly . | . . . Trap Hack Attempts . | . . . Triggered . | . . . Disarmed . | . . . Reprogrammed 1 | . 1 . Reused . | . . . Traps Extracted . | . . . Installed . | . . . Triggered . | . . . Machines | -11 -10 -9 ---------- Run | Scr Mat Mat Machines Disabled 1 | . 1 . Max in Single Turn 1 | . 1 . Machines Sabotaged . | . . . Garrisons Compromised . | . . . Overloaded Fab Kills . | . . . Fab Network Shutdowns . | . . . Hacking | -11 -10 -9 --------- Run | Scr Mat Mat Machines Accessed 9 | . 8 1 Terminals 8 | . 7 1 Fabricators . | . . . Repair Stations 1 | . 1 . Recycling Units . | . . . Scanalyzers . | . . . Garrison Access . | . . . Total Hacks 22 | . 21 1 Successful 11 | . 11 . Failed 11 | . 10 1 Catastrophic 1 | . 1 . Database Lockouts . | . . . Manual . | . . . Terminals 19 | . 18 1 Fabricators . | . . . Repair Stations 3 | . 3 . Recycling Units . | . . . Scanalyzers . | . . . Garrison Access . | . . . Terminal Hacks 9 | . 9 . Level Access Points 1 | . 1 . Locate Traps 4 | . 4 . Reprogram Traps 1 | . 1 . Patrol Status 1 | . 1 . Zone Layout 2 | . 2 . Fabricator Hacks . | . . . Repair Station Hacks 2 | . 2 . Scan Component 1 | . 1 . Repair 1 | . 1 . Recycling Unit Hacks . | . . . Scanalyzer . | . . . Garrison Access Hacks . | . . . Unauthorized Hacks . | . . . Terminals . | . . . Fabricators . | . . . Repair Stations . | . . . Recycling Units . | . . . Scanalyzers . | . . . Garrison Access . | . . . Data Cores Recovered 1 | . . 1 Used . | . . . Hacking Detections 6 | . 6 . Full Trace Events 1 | . 1 . Feedback Events . | . . . Feedback Blocked . | . . . Robot Schematics Acquired . | . . . Robots Built . | . . . Matter . | . . . Time . | . . . Total Robot Build Rating . | . . . Part Schematics Acquired . | . . . Parts Built . | . . . Matter . | . . . Time . | . . . Total Part Build Rating . | . . . Parts Repaired 1 | . 1 . Time 13 | . 13 . Parts Recycled . | . . . Recycled Matter . | . . . Retrieved Matter . | . . . Retrieved Components . | . . . Parts Scanalyzed . | . . . Part Schematics Acquired . | . . . Parts Damaged . | . . . Bothacking | -11 -10 -9 ------------ Run | Scr Mat Mat Used RIF Installer . | . . . Robots Hacked . | . . . Non-combat . | . . . Combat . | . . . Robot Hacks Applied . | . . . Relay Couplers Released . | . . . Robots Rewired . | . . . Allies Hacked . | . . . Hacks Repelled . | . . . Allies | -11 -10 -9 -------- Run | Scr Mat Mat Total Allies . | . . . Largest Group . | . . . Highest-Rated Group . | . . . Highest-Rated Ally . | . . . Total Orders . | . . . Ally Attacks . | . . . Total Damage . | . . . Kills . | . . . Allies Corrupted . | . . . Allies Melted . | . . . Intel | -11 -10 -9 ------- Run | Scr Mat Mat Robot Analysis Total . | . . . Derelict Logs Recovered . | . . . Drone Launches . | . . . Drone Recoveries . | . . . Exploration | -11 -10 -9 ------------- Run | Scr Mat Mat Turns Passed 1342 | 67 1019 256 Spaces Moved 1017 | 39 695 283 Core 8 | 3 5 . Treads 430 | 36 394 . Legs . | . . . Wheels . | . . . Hover . | . . . Flight 579 | . 296 283 Fastest Speed 31 | 50 37 31 Average Speed 89 | 151 107 35 Slowest Speed 160 | 160 160 37 Overloaded Moves . | . . . Propulsion Burnouts . | . . . Robots Hopped 7 | . 2 5 Cave-ins Triggered . | . . . Exploration Rate (%) 40 | 3 93 24 Regions Visited 2 Branch Regions . Pre-discovered Areas . | . . . Known Exits Taken 1 | . 1 . Unknown Exits Taken 1 | 1 . . Scrap Searched . | . . . Spaces Dug . | . . . Terrain Destroyed 11 | . 11 . Melee . | . . . Projectile . | . . . AOE 11 | . 11 . Actions | -11 -10 -9 --------- Run | Scr Mat Mat Total 1237 | 44 824 369 Wait 58 | . 21 37 Move 1002 | 38 691 273 Hop 6 | . 1 5 Pick Up 6 | . 2 4 Fast Attach 20 | 6 12 2 Attach 5 | . 3 2 Detach 3 | . 2 1 Swap 8 | . 3 5 Drop 7 | . 3 4 Fire 120 | . 84 36 Melee . | . . . Ram . | . . . Kick . | . . . Crush 2 | . 2 . Escape Stasis . | . . . Rewire . | . . . Trap . | . . . Miscellaneous . | . . . Route ------- -11/Scrapyard -10/Materials (discovered 4 exits: *Mat x3 / [*Min]) -9/Materials (discovered 1 exit: [*Min]) History --------- Turn | Location | Event 2 | -11/Scrapyard | Discovered new exit (range 16) 68 | -11/Scrapyard | Entered Materials 301 | -10/Materials | Build established: Mutant 593 | -10/Materials | Discovered new exit (range 13) 773 | -10/Materials | Discovered new exit (range 13) 884 | -10/Materials | Core integrity fell below 50% 939 | -10/Materials | Lost 7 parts (1p2n1u3w) 966 | -10/Materials | Discovered new exit (range 12) 1001 | -10/Materials | Repaired Lgt. Treads 1017 | -10/Materials | Identified exit to Materials 1087 | -10/Materials | Entered another Materials area 1087 | -9/Materials | Evolved 2 slots: Propulsion x2 1275 | -9/Materials | Discovered new exit (range 9) 1343 | -9/Materials | Self-destructed Last Messages --------------- 01265_ R-06 Scavenger collects Structural Scanner. 01265_ K-01 Serf collects debris. 01266_ O-16 Technician: "IFF HANDSHAKE FAILED. SECURING TERMINAL." 01266_ Destroyed Com. Wheel. 01268_ K-01 Serf collects debris. 01269_ R-06 Scavenger destroyed. 01271_ K-01 Serf collects debris. 01275_ Overheating: System interference. 01275_ Targeting Computer temporarily disabled. 01275_ ALERT: Hostiles spotted, dispatching reinforcements to Terminal M009. 01275_ EXIT=FOUND 01276_ K-01 Serf collects debris. 01292_ Heat Sink melted. 01292_ G-34 Mercenary destroyed. 01295_ S-10 Pest destroyed. 01300_ Acquired Flight Unit. 01328_ Beam Cannon destroyed. 01336_ Flight Unit destroyed. 01340_ LF3 ZBAE=